 Dungeon Crawl Stone Soup version 0.19.0-2-gae57169 (webtiles) character file.

690 Kullungy the Ruffian (level 7, -2/67 HPs)
             Began as a Troll Monk on Nov 5, 2016.
             Was a Priest of Lugonu.
             Shot with an arrow by a centaur (8 damage)
             ... on level 5 of the Dungeon.
             The game lasted 00:20:17 (4411 turns).

Kullungy the Ruffian (Troll Monk)                   Turns: 4411, Time: 00:20:19

Health: -2/67      AC:  6    Str: 22    XL:     7   Next: 36%
Magic:  6/6        EV: 11    Int:  6    God:    Lugonu [***...]
Gold:   205        SH:  0    Dex: 12    Spells: 0 memorised, 6 levels left

rFire  . . .     SeeInvis .       - Unarmed
rCold  . . .     Gourm    +     n - +0 robe (curse)
rNeg   . . .     Faith    .     (no shield)
rPois  .         Spirit   .     (helmet restricted)
rElec  .         Reflect  .     g - +0 cloak
rCorr  .         Harm     .     (gloves unavailable)
MR     .....                    (boots unavailable)
Stlth  ++........               (no amulet)
                                (no ring)
                                (no ring)

@: no status effects
A: unfitting armour, claws 3, fast metabolism 3, gourmand, regeneration 1,
shaggy fur 1, tough skin 2
a: Depart the Abyss, Bend Space, Banish, Renounce Religion


You were on level 5 of the Dungeon.
You worshipped Lugonu.
Lugonu was most pleased with you.
You were not hungry.

You visited 1 branch of the dungeon, and saw 5 of its levels.
You also visited: Sewer.

You collected 205 gold pieces.

Inventory:

Hand Weapons
 e - a +0 club
 f - a +0 dagger of venom
 l - a +0 mace
 r - a +2 short sword of venom
 y - a +0 dagger of speed
 C - a cursed -3 short sword
 L - a +1 dagger of venom
 M - a +1 war axe of chopping
 N - a +2 mace of protection
Missiles
 d - 35 stones (quivered)
 k - 22 sling bullets
 m - 18 poisoned needles
 o - 101 arrows
 J - 23 bolts
Armour
 a - a +0 robe
 c - a +0 buckler
 g - a +0 cloak (worn)
 n - a cursed +0 robe (worn)
 p - a +0 scale mail
 t - a +0 robe
 v - a cursed +0 leather armour
 F - a +0 robe
Jewellery
 H - a cursed -2 ring of dexterity {unknown}
Wands
 K - a wand of hasting (4/9)
Scrolls
 h - a scroll of blinking {unknown}
 s - a scroll of remove curse
 B - a scroll of fear
 D - 2 scrolls of noise {unknown}
 E - a scroll of teleportation {unknown}
 G - a scroll of identify
 O - a scroll of magic mapping
Potions
 i - 8 potions of curing
 j - 4 potions of brilliance
 q - a potion of magic
 u - a potion of flight
 x - 2 potions of might
 z - a potion of ambrosia {unknown}
 A - a potion of heal wounds {unknown}
Comestibles
 b - 5 bread rations
 w - 2 meat rations


   Skills:
 * Level 3.2 Fighting
 + Level 3.9 Dodging
 + Level 2.2 Stealth
 + Level 6.5 Unarmed Combat


You had 6 spell levels left.
You didn't know any spells.

Dungeon Overview and Level Annotations

Branches:
Dungeon (5/15)
 Temple: D:4-7

Altars:
Ashenzari
Zin
Lugonu


Innate Abilities, Weirdness & Mutations

You are too large for most types of armour.
You have claws for hands.
Your metabolism is lightning-fast.
You like to eat raw meat.
Your natural rate of healing is unusually fast.
You are covered in fur. (AC +1)
You have very tough skin. (AC +2)


Message History

* * * LOW HITPOINT WARNING * * *
The hound barely misses you. x2
You are too injured to fight recklessly!
You are too injured to fight recklessly!
You closely miss the hound.
The centaur shoots an arrow.
The arrow hits you.
* * * LOW HITPOINT WARNING * * *
The leopard gecko barely misses you. The hound completely misses you.
The centaur shoots an arrow.
The arrow closely misses you.
You barely miss the hound.
The leopard gecko bites you but does no damage.
The hound barely misses you.
The centaur shoots an arrow.
The arrow hits you!
* * * LOW HITPOINT WARNING * * *
You scratch the hound but do no damage. Your claw misses the hound.
The leopard gecko barely misses you. The hound bites you.
* * * LOW HITPOINT WARNING * * *
The centaur shoots an arrow.
The arrow barely misses you.
Unknown command.
You completely miss the hound. The hound closely misses you.
The leopard gecko misses you.
The centaur shoots an arrow.
The arrow hits you!
You die...

. #............ ..
##...........# #.
#............# ########
#.....#....#
.......####.....#....#
................#.c..###
................l.......
...............(@h......
........................
........................
........................
........................
...........(...........!
###....###........>.....
........................
.................


You could see a centaur, a hound and a leopard gecko.

Vanquished Creatures
  Eustachio (D:4)
  An ice beast (D:5)
  A crimson imp (D:3)
  Natasha (thrice) (D:3)
  A centaur skeleton (D:5)
  2 orc wizards
  3 worker ants (D:4)
  A worker ant zombie (D:5)
  4 adders
  2 oozes
  A worm (D:2)
  A dart slug (D:2)
  2 leopard geckos
  16 orcs
  5 giant cockroaches
  9 goblins
  9 hobgoblins
  10 jackals
  2 quokkas
  8 ball pythons
  9 bats
  10 frilled lizards
  A jackal skeleton (D:3)
  20 kobolds
  A leopard gecko skeleton (D:4)
  8 rats
  A plant (Sewer)
132 creatures vanquished.

Notes
Turn   | Place    | Note
-------+----------+-------------------------------------------
     0 | D:1      | Kullungy the Troll Monk began the quest for the Orb.
     0 | D:1      | Reached XP level 1. HP: 22/22 MP: 0/0
   299 | D:1      | Reached XP level 2. HP: 29/29 MP: 1/1
   750 | D:1      | Reached XP level 3. HP: 36/36 MP: 2/2
  1792 | D:3      | Reached XP level 4. HP: 44/44 MP: 3/3
  1952 | D:3      | Found a glowing drain.
  1961 | Sewer    | Entered a sewer
  1977 | Sewer    | Reached skill level 4 in Unarmed Combat
  2591 | D:3      | Noticed Natasha
  2599 | D:3      | Killed Natasha
  2599 | D:3      | Reached XP level 5. HP: 40/52 MP: 4/4
  2686 | D:3      | Noticed Natasha
  2692 | D:3      | Killed Natasha
  2692 | D:3      | Reached skill level 5 in Unarmed Combat
  2913 | D:3      | Noticed Natasha
  2922 | D:3      | Killed Natasha
  3120 | D:4      | Reached XP level 6. HP: 45/59 MP: 5/5
  3261 | D:4      | Noticed Eustachio
  3287 | D:4      | Killed Eustachio
  3384 | D:4      | Found a shattered altar of Ashenzari.
  3878 | D:4      | Reached skill level 6 in Unarmed Combat
  3925 | D:4      | Reached XP level 7. HP: 67/67 MP: 6/6
  3951 | D:4      | Found a faded altar of an unknown god.
  3951 | D:4      | Found a faded altar of an unknown god.
  3959 | D:4      | Found a faded altar of an unknown god.
  3962 | D:4      | Found a glowing silver altar of Zin.
  3964 | D:4      | Found a faded altar of an unknown god.
  3987 | D:4      | Became a worshipper of Lugonu the Unformed
  3987 | D:4      | Reached * piety under Lugonu
  3987 | D:4      | Reached ** piety under Lugonu
  3987 | D:4      | Reached *** piety under Lugonu
  4079 | D:5      | Entered Level 5 of the Dungeon
  4411 | D:5      | Shot with an arrow by a centaur

Skill      XL: |  1  2  3  4  5  6 |
---------------+-------------------+-----
Dodging        | 3 |  3.9
Unarmed Combat | 4 5 6 |  6.5
Fighting       | 3 |  3.2
Stealth        | 2 |  2.2

Action                   |  1- 3 |  4- 6 |  7- 9 || total
-------------------------+-------+-------+-------++-------
Melee: Unarmed           |   140 |   196 |    51 ||   387
       Punch             |     3 |     1 |     1 ||     5
  Use: Scroll            |       |    11 |       ||    11
 Stab: Sleeping          |     5 |       |       ||     5
       Distracted        |       |     1 |       ||     1
  Eat: Chunk             |    15 |    23 |     5 ||    43
Armor: Robe              |    69 |    84 |    18 ||   171
Dodge: Dodged            |    87 |   114 |    35 ||   236
